 Dungeon Crawl Stone Soup version 0.28-a0-664-gc179e30c89 (webtiles) character file.

Game seed: 6857850108589272486

18 ytrimaz the Ducker (level 2, -1/21 HPs)
             Began as an Octopode Fighter on Oct 16, 2021.
             Slain by Natasha (3 damage)
             ... on level 2 of the Dungeon.
             The game lasted 00:00:54 (557 turns).

ytrimaz the Ducker (Octopode Fighter)                Turns: 557, Time: 00:00:55

Health: -1/21      AC:  1    Str: 15    XL:     2   Next: 66%
Magic:  2/2        EV: 13    Int: 10    God:
Gold:   38         SH:  4    Dex: 11    Spells: 1/1 levels left

rFire   . . .      SeeInvis .   a - +0 rapier
rCold   . . .      Faith    .   b - +0 buckler
rNeg    . . .      Spirit   .   (helmet restricted)
rPois   .          Reflect  .   (no amulet)
rElec   .          Harm     .   (no ring)
rCorr   .          Rampage  .   (no ring)
Will    .....                   (no ring)
Stlth   ++........              (no ring)
HPRegen 0.07/turn               (no ring)
MPRegen 0.08/turn               (no ring)
                                (no ring)
                                (no ring)

@: no status effects
A: almost no armour, amphibious, 8 rings, camouflage 1, gelatinous body 1,
(nimble swimmer 1), tentacles
a: no special abilities


You were on level 2 of the Dungeon.
You visited 1 branch of the dungeon, and saw 2 of its levels.

You collected 38 gold pieces.

Inventory:

Hand Weapons
 a - a +0 rapier (weapon)
Armour
 b - a +0 buckler (worn)
Scrolls
 d - 2 scrolls of fear {unknown}
 f - a scroll of vulnerability {unknown}
Potions
 c - a potion of might
 e - a potion of curing {unknown}


   Skills:
 - Level 3.0 Fighting
 - Level 2.0 Short Blades
 * Level 3.4 Dodging
 * Level 3.4 Shields


You had one spell level left.
You didn't know any spells.
Your spell library contained the following spells:

 Spells                   Type           Power      Damage    Failure   Level
 Ignite Poison            Fire/Tmut/Pois 0%         N/A       77%         3
 Mephitic Cloud           Conj/Pois/Air  0%         N/A       77%         3
 Freezing Cloud           Conj/Ice/Air   0%         6-21      100%        5


Dungeon Overview and Level Annotations

Branches:
Dungeon (2/15)

Altars:

Annotations:
D:2 Natasha


Innate Abilities, Weirdness & Mutations

You cannot wear most types of armour.
You are amphibious.
You can wear up to eight rings at the same time.
Your skin changes colour to match your surroundings (Stealth+).
Your rubbery body absorbs attacks. (AC +1, EV +1)
((You are camouflaged near water. (Stealth+)))
You have tentacles for arms and can constrict up to eight enemies at once.


Message History

Found a scroll labelled ZOLA QYR ESIDO.
Found a stone staircase leading down.
You pick up a Trismegistus Codex and begin reading...
You add the spells Ignite Poison, Mephitic Cloud and Freezing Cloud to your library.
f - a scroll labelled ZOLA QYR ESIDO
There is a stone staircase leading down here.
HP restored.
Done exploring.
Done exploring.
Done exploring.
You climb downwards.
There is a stone staircase leading up here.
Natasha is nearby!
Natasha is nearby!
The helpless Natasha fails to defend herself.
You hit Natasha. You grab Natasha. You squeeze Natasha.
Natasha is heavily wounded.
You constrict Natasha.
A gnoll comes into view. It is wielding a +0 flail.
You block Natasha's attack.
You completely miss Natasha.
Natasha is severely wounded.
You constrict Natasha.
Natasha drinks a potion.
Natasha seems to speed up.
The gnoll shouts!
You hit Natasha but do no damage. You squeeze Natasha, but do no damage.
Natasha is severely wounded.
You constrict Natasha.
You hear a shout!
You block Natasha's attack. Natasha claws you!
You hit Natasha but do no damage.
Natasha is almost dead.
You constrict Natasha, but do no damage.
Natasha claws you.
Natasha mumbles some strange words.
You hit Natasha but do no damage.
Natasha is almost dead.
You constrict Natasha. Natasha claws you!
* * * LOW HITPOINT WARNING * * *
Natasha claws you.
You die...

### ....###
#.....###########
#...............
##....<.#....#
#......g.@h#
...##.#...5...# .
. #.#####.#.....
.. # .# .... ...#
.# ... ....## ..
.. #...## ## .
.###... ....#..
#....


You could see Natasha (fast), a gnoll and a crimson imp (summoned).

Vanquished Creatures
  3 ball pythons (D:1)
  2 bats (D:1)
  An endoplasm (D:1)
  2 hobgoblins (D:1)
  2 kobolds (D:1)
  A quokka (D:1)
  A frilled lizard (D:1)
  3 rats (D:1)
15 creatures vanquished.

Notes
Turn   | Place    | Note
-------+----------+-------------------------------------------
     0 | D:1      | ytrimaz the Octopode Fighter began the quest for the Orb.
     0 | D:1      | Reached XP level 1. HP: 16/16 MP: 1/1
    20 | D:1      | Found a faded altar of an unknown god.
   167 | D:1      | Reached XP level 2. HP: 20/21 MP: 2/2
   243 | D:1      | You fall into a shaft and drop 1 floor!
   549 | D:2      | Noticed Natasha
   557 | D:2      | Noticed a crimson imp
   557 | D:2      | Slain by Natasha

Illustrated notes

Levels and vault maps discovered:
D:1:      amcnicky_arrival_gap_in_the_tavern_cellar, layout_basic,
          basic_ecumenical_altar, st_stairs_9
D:2:      layout_rooms, uniq_natasha

Action                   || total
-------------------------++-------
Melee: Rapier            ||    25
       Constrict         ||     4
       Tentacles         ||     4
 Stab: Sleeping          ||     6
Armor: Skin              ||     3
Dodge: Dodged            ||     8
Block: Buckler           ||     7

Table legend: (Time is in decaauts)
 A = Elapsed time spent in this place.
 B = Non-inter-level travel time spent in this place.
 C = Inter-level travel time spent in this place.
 D = Time resting spent in this place.
 E = Time spent auto-exploring this place.
 F = Levels seen in this place.
 G = Mean time per level.
                   A        B        C        D        E       F      G
               +--------+--------+--------+--------+--------+-----+--------+
         Total |    560 |    560 |      0 |      0 |    419 |   2 |  280.0 |
       Dungeon |    560 |    560 |      0 |      0 |    419 |   2 |  280.0 |
               +--------+--------+--------+--------+--------+-----+--------+

Top non-repeatable levels by time:
     D:1: 545 daAuts
     D:2: 14 daAuts
